[Event "FIDE World Cup G12-A 2024"]
[Site "Batumi"]
[Date "2024.06.27"]
[Round "5.6"]
[White "Kedelidze, Aneta"]
[Black "Wu, Yiting"]
[Result "0-1"]
[ECO "B12"]
[WhiteElo "1544"]
[BlackElo "1758"]
[Annotator "NA RC"]
[PlyCount "100"]
[EventDate "2024.06.23"]
[EventType "swiss"]
[EventCountry "GEO"]
[SourceTitle "playchess.com"]
[Source "ChessBase"]
[SourceQuality "1"]
[TimeControl "5400+30"]

1. e4 c6 2. d4 d5 3. e5 Bf5 4. h4 h5 5. Bd3 Bxd3 6. Qxd3 e6 7. Bg5 Ne7 8. Nd2 Qb6 9. Nb3 Nd7 10. Nf3 c5 11. dxc5 Nxc5 12. Nxc5 Qxc5 13. O-O Nf5 14. Rad1 Be7 15. Bxe7 Qxe7 16. Qb5+ Qd7 17. Qxd7+ Kxd7 18. c4 Ne7 19. Rd4 Rhd8 20. Rf4 Ke8 21. Ng5 Nf5 22. cxd5 Rxd5 23. Rc1 Rd7 24. Rfc4 Rad8 25. g3 Nd4 26. Kg2 Nc6 27. Nf3 Rd3 28. R4c3 Rxc3 29. Rxc3 Rd5 30. Rb3 b6 31. Re3 Rc5 32. Re2 Ke7 33. a3 a5 34. Re3 a4 35. Rc3 Rxc3 36. bxc3 Na5 37. Nd2 Kd7 38. Kf3 Kc6 39. Ke4 Kc5 40. Kd3 Kd5 41. f4 b5 42. Nf3 Nc4 43. Ng5 Nxa3 44. Nxf7 Nc4 45. Kc2 Ne3+ 46. Kb2 Nf5 47. Ng5 Nxg3 48. Nf3 Ne2 49. Kc2 Nxf4 50. Kb2 Nd3+ 0-1

[Event "FIDE World Cup G12-A 2024"]
[Site "Batumi"]
[Date "2024.06.27"]
[Round "5.7"]
[White "Muradova, Nebahat"]
[Black "Chichinadze, Anastasia"]
[Result "0-1"]
[ECO "E11"]
[WhiteElo "1626"]
[BlackElo "1724"]
[Annotator "NA RC"]
[PlyCount "80"]
[EventDate "2024.06.23"]
[EventType "swiss"]
[EventCountry "GEO"]
[SourceTitle "playchess.com"]
[Source "ChessBase"]
[SourceQuality "1"]
[TimeControl "5400+30"]

1. d4 Nf6 2. c4 e6 3. Nf3 Bb4+ 4. Bd2 Bxd2+ 5. Nbxd2 d5 6. e3 Nbd7 7. Bd3 c5 8. O-O b6 9. Rc1 Bb7 10. cxd5 exd5 11. dxc5 bxc5 12. Bb5 O-O 13. Nb3 c4 14. Nbd4 Nc5 15. Bc6 Rb8 16. Ne5 Ba6 17. Re1 Rxb2 18. Ba4 Nfe4 19. Bc2 Re8 20. Ndc6 Qd6 21. f3 Nf6 22. Qd4 Rb6 23. Rb1 Rxc6 24. Nxc6 Qxc6 25. e4 dxe4 26. fxe4 Qc7 27. e5 Nfd7 28. Re3 Rxe5 29. Rh3 Nf6 30. Rf1 Ne6 31. Qc3 Qc5+ 32. Kh1 Ng5 33. Rg3 Nfe4 34. Bxe4 Nxe4 35. Qf3 Nxg3+ 36. Qxg3 Qe3 37. Qh4 c3 38. Rg1 c2 39. Qd8+ Re8 40. Qc7 Rc8 0-1

[Event "FIDE World Cup G12-A 2024"]
[Site "Batumi"]
[Date "2024.06.27"]
[Round "5.8"]
[White "Mamakova, Aknur"]
[Black "Lipartia, Nino"]
[Result "1-0"]
[ECO "D38"]
[WhiteElo "1648"]
[BlackElo "1437"]
[Annotator "NA RC"]
[PlyCount "107"]
[EventDate "2024.06.23"]
[EventType "swiss"]
[EventCountry "GEO"]
[SourceTitle "playchess.com"]
[Source "ChessBase"]
[SourceQuality "1"]
[TimeControl "5400+30"]

1. d4 Nf6 2. c4 e6 3. Nc3 Bb4 4. Nf3 O-O 5. Bg5 d5 6. e3 c5 7. dxc5 Nbd7 8. Be2 Qa5 9. O-O Bxc3 10. bxc3 Qxc5 11. Qd4 Ne4 12. Bh4 Qa3 13. Rfc1 Re8 14. Bd3 Ndc5 15. Bxe4 dxe4 16. Be7 exf3 17. Bxc5 Qa5 18. gxf3 b6 19. Bb4 Qg5+ 20. Qg4 Qxg4+ 21. fxg4 Bb7 22. c5 b5 23. Rd1 Bd5 24. Rd4 h6 25. e4 Bc6 26. f3 a5 27. Ba3 e5 28. Rd6 Rac8 29. Rad1 Re7 30. Rd8+ Rxd8 31. Rxd8+ Kh7 32. Rc8 Bb7 33. Rd8 Rc7 34. Kf2 Rc6 35. Rd7 Bc8 36. Rxf7 Be6 37. Ra7 a4 38. Rb7 Bc4 39. Rb6 Rc8 40. Bb4 Rd8 41. c6 Rd2+ 42. Ke1 Re2+ 43. Kd1 Rxa2 44. c7 Bb3+ 45. Ke1 Ra1+ 46. Kf2 Ra2+ 47. Kg3 Ra1 48. c8=Q a3 49. Qf5+ Kh8 50. Rb8+ Bg8 51. Qf8 Kh7 52. Qxg8+ Kg6 53. Qe6+ Kh7 54. Qf5+ 1-0

[Event "FIDE World Cup G12-A 2024"]
[Site "Batumi"]
[Date "2024.06.27"]
[Round "5.9"]
[White "Zavivaeva, Angelina"]
[Black "Kutateladze, Anastasia"]
[Result "1/2-1/2"]
[ECO "B40"]
[WhiteElo "1489"]
[BlackElo "1598"]
[Annotator "NA RC"]
[PlyCount "121"]
[EventDate "2024.06.23"]
[EventType "swiss"]
[EventCountry "GEO"]
[SourceTitle "playchess.com"]
[Source "ChessBase"]
[SourceQuality "1"]
[TimeControl "5400+30"]

1. e4 c5 2. Nf3 e6 3. b3 Nc6 4. Bb2 a6 5. c4 d6 6. g3 e5 7. Bg2 g6 8. O-O Bg7 9. Nc3 Nge7 10. Nd5 O-O 11. Qc2 f5 12. exf5 Bxf5 13. Nxe7+ Qxe7 14. d3 Nb4 15. Qd2 Nxd3 16. Bc3 e4 17. Bxg7 Kxg7 18. Ng5 h6 19. Nh3 Bxh3 20. Bxh3 Ne5 21. Qe3 Nf3+ 22. Kh1 Qe5 23. Bg2 h5 24. Rad1 Rae8 25. Rd5 Qe6 26. Rfd1 Nd4 27. Re1 Qf6 28. Rf1 Qe6 29. Re1 Qf6 30. Rf1 Nc2 31. Qe2 Nb4 32. Rdd1 Qe6 33. a3 Nd3 34. Qe3 Qe5 35. a4 Qb2 36. Rb1 Qd4 37. Kg1 Rf7 38. Rbd1 Qe5 39. Bh3 g5 40. Bg2 Nb4 41. Rd2 Nd3 42. Re2 Rfe7 43. Qd2 Qf6 44. Qe3 Kh6 45. Qd2 Kg7 46. Qe3 g4 47. Rd2 Nb4 48. Rfd1 Re6 49. Re1 Re5 50. Red1 R8e6 51. Re2 Nc6 52. Red2 Nd4 53. Kh1 Kg6 54. Rf1 Qf5 55. Rdd1 Kg7 56. Rd2 Kh7 57. Rdd1 Nf3 58. Rc1 h4 59. gxh4 Rh6 60. Qe2 Rxh4 61. Rfd1 1/2-1/2

[Event "FIDE World Cup G12-A 2024"]
[Site "Batumi"]
[Date "2024.06.27"]
[Round "5.10"]
[White "Potikha, Shelley"]
[Black "Gulishyan, Eseniya"]
[Result "1/2-1/2"]
[ECO "C54"]
[WhiteElo "1464"]
[BlackElo "1434"]
[Annotator "NA RC"]
[PlyCount "40"]
[EventDate "2024.06.23"]
[EventType "swiss"]
[EventCountry "GEO"]
[SourceTitle "playchess.com"]
[Source "ChessBase"]
[SourceQuality "1"]
[TimeControl "5400+30"]

1. e4 e5 2. Nf3 Nc6 3. Bc4 Bc5 4. c3 Nf6 5. d4 exd4 6. e5 d5 7. Bb5 Ne4 8. cxd4 Bb6 9. Nc3 O-O 10. Be3 Be6 11. O-O f6 12. exf6 Qxf6 13. Bxc6 bxc6 14. Ne5 c5 15. f4 cxd4 16. Bxd4 c5 17. Nxe4 dxe4 18. Bc3 c4+ 19. Kh1 Qh6 20. Qd6 Rae8 1/2-1/2

[Event "FIDE World Cup G12-A 2024"]
[Site "Batumi"]
[Date "2024.06.27"]
[Round "5.11"]
[White "Giorgadze, Mariam"]
[Black "Wang, April"]
[Result "1-0"]
[ECO "B15"]
[WhiteElo "1533"]
[BlackElo "1622"]
[Annotator "NA RC"]
[PlyCount "135"]
[EventDate "2024.06.23"]
[EventType "swiss"]
[EventCountry "GEO"]
[SourceTitle "playchess.com"]
[Source "ChessBase"]
[SourceQuality "1"]
[TimeControl "5400+30"]

1. e4 c6 2. d4 d5 3. Nd2 dxe4 4. Nxe4 Nf6 5. Nxf6+ exf6 6. c3 Bd6 7. Bd3 Be6 8. Ne2 Qc7 9. h3 Nd7 10. Qc2 h6 11. Bd2 O-O 12. O-O Rac8 13. Rfe1 c5 14. Be4 Nb6 15. dxc5 Bxc5 16. Bf4 Qe7 17. Ng3 Rce8 18. b4 Bd6 19. Bxd6 Qxd6 20. Bxb7 Rb8 21. Be4 Rfc8 22. Bd3 Nd5 23. Ne4 Qb6 24. Qd2 Bf5 25. Nc5 Bxd3 26. Qxd3 Qc6 27. Qf3 Re8 28. Rad1 Rxe1+ 29. Rxe1 Rc8 30. Rd1 Nb6 31. Rd8+ Kh7 32. Rxc8 Qxc8 33. Qd3+ g6 34. a3 f5 35. Qa6 Qe8 36. Kf1 Nd5 37. Qc4 Qe5 38. Qd4 f6 39. Qxe5 fxe5 40. Nd7 Nxc3 41. Nxe5 Kg7 42. Nc6 a6 43. Nb8 Nb5 44. a4 Nc3 45. a5 Nd5 46. Nxa6 Kf6 47. g3 Ke6 48. Ke2 Kd6 49. Kd3 f4 50. b5 fxg3 51. fxg3 h5 52. Kd4 g5 53. Nc5 Nc7 54. Ne4+ Kd7 55. b6 Na6 56. Nc5+ Nxc5 57. Kxc5 g4 58. hxg4 hxg4 59. a6 Kc8 60. Kc6 Kb8 61. b7 Ka7 62. Kc7 Kxa6 63. b8=Q Ka5 64. Kc6 Ka4 65. Kc5 Ka3 66. Kc4 Ka2 67. Kc3 Ka3 68. Qb3# 1-0

[Event "FIDE World Cup G12-A 2024"]
[Site "Batumi"]
[Date "2024.06.28"]
[Round "6.1"]
[White "Zavivaeva, Kristina"]
[Black "Venskaya, Nika"]
[Result "0-1"]
[ECO "B76"]
[WhiteElo "1666"]
[BlackElo "1774"]
[Annotator "NA RC"]
[PlyCount "58"]
[EventDate "2024.06.23"]
[EventType "swiss"]
[EventCountry "GEO"]
[SourceTitle "playchess.com"]
[Source "ChessBase"]
[SourceQuality "1"]
[TimeControl "5400+30"]

1. e4 c5 2. Nf3 d6 3. d4 cxd4 4. Nxd4 Nf6 5. Nc3 g6 6. Be3 Bg7 7. Qd2 O-O 8. f3 Nc6 9. g4 Nxd4 10. Bxd4 Be6 11. h4 Qa5 12. h5 a6 13. hxg6 fxg6 14. Bh3 g5 15. e5 dxe5 16. Qxg5 Nd7 17. Bf2 Qb4 18. O-O-O Rxf3 19. Be3 h6 20. Qg6 Nf8 21. Qd3 e4 22. Qe2 Bc4 23. Qe1 Bxc3 24. bxc3 Qa3+ 25. Kd2 Rd8+ 26. Bd4 e3+ 27. Qxe3 Rxe3 28. Kxe3 Ng6 29. Bg2 e5 0-1

[Event "FIDE World Cup G12-A 2024"]
[Site "Batumi"]
[Date "2024.06.28"]
[Round "6.2"]
[White "Xikmatkhonova, Mokhinur"]
[Black "Xue, Tianhao"]
[Result "0-1"]
[ECO "D00"]
[WhiteElo "1706"]
[BlackElo "1754"]
[Annotator "NA RC"]
[PlyCount "76"]
[EventDate "2024.06.23"]
[EventType "swiss"]
[EventCountry "GEO"]
[SourceTitle "playchess.com"]
[Source "ChessBase"]
[SourceQuality "1"]
[TimeControl "5400+30"]

1. d4 Nf6 2. Nc3 d5 3. Bf4 Bf5 4. f3 e6 5. g4 Bg6 6. h4 h5 7. g5 Nfd7 8. e3 Be7 9. Bd3 O-O 10. Bxg6 fxg6 11. Qd3 Kh7 12. Nge2 c5 13. Qb5 Qc8 14. Qd3 Nc6 15. a3 a6 16. Rf1 b5 17. Bg3 b4 18. axb4 Nxb4 19. Qd2 Nb6 20. b3 Qd7 21. Kf2 Bd6 22. Kg2 Bxg3 23. Nxg3 Qc7 24. Na4 Nxa4 25. Rxa4 Rab8 26. Ne2 e5 27. dxe5 Qxe5 28. c3 Nc6 29. Rxa6 Ne7 30. Nf4 Nf5 31. Re6 Nxh4+ 32. Kf2 Qxg5 33. Qxd5 Rf5 34. Qd1 Rd8 35. Rd6 Rxf4 36. exf4 Qg2+ 37. Ke3 Rxd6 38. Qxd6 Nf5+ 0-1

[Event "FIDE World Cup G12-A 2024"]
[Site "Batumi"]
[Date "2024.06.28"]
[Round "6.3"]
[White "Lu, Xiahan (Luna)"]
[Black "Kaminska, Zuzanna"]
[Result "0-1"]
[ECO "A47"]
[WhiteElo "1859"]
[BlackElo "1848"]
[Annotator "NA RC"]
[PlyCount "108"]
[EventDate "2024.06.23"]
[EventType "swiss"]
[EventCountry "GEO"]
[SourceTitle "playchess.com"]
[Source "ChessBase"]
[SourceQuality "1"]
[TimeControl "5400+30"]

1. d4 Nf6 2. Nf3 e6 3. e3 b6 4. Bd3 Bb7 5. b3 Bb4+ 6. c3 Be7 7. Bb2 Ne4 8. O-O O-O 9. c4 d6 10. Qc2 f5 $1 {[%emt 0:02:18] [#]} 11. d5 $14 exd5 12. Nd4 Qd7 13. f3 c5 14. fxe4 fxe4 15. Rxf8+ Bxf8 16. Be2 cxd4 17. Bxd4 Nc6 18. Bb2 dxc4 19. Qxe4 d5 20. Qh4 Bc5 21. bxc4 Qe7 22. Qxe7 Nxe7 23. Bd4 Bxd4 24. exd4 Nf5 25. Nc3 Nxd4 26. Bd3 dxc4 27. Bxc4+ Kh8 28. Rd1 Nf5 29. Re1 g6 30. g4 Nd6 31. Bb3 Rc8 32. Re3 b5 33. Rd3 b4 34. Ne2 Ba6 35. Rxd6 Bxe2 36. h3 Bb5 37. Rd5 Rb8 38. Re5 a5 39. Re4 Be8 40. Re3 a4 41. Be6 Kg7 42. Kf2 Bf7 43. Bxf7 Kxf7 44. Re2 Kf6 45. Kf3 h6 46. h4 b3 47. axb3 axb3 48. Rb2 Ke5 49. Ke3 Rb4 50. h5 g5 51. Kd2 Kf4 52. Kc3 Rb6 53. Rxb3 Rxb3+ 54. Kxb3 Kxg4 0-1

[Event "FIDE World Cup G12-A 2024"]
[Site "Batumi"]
[Date "2024.06.28"]
[Round "6.4"]
[White "Kutateladze, Anastasia"]
[Black "Mirzaliyeva, Leyla"]
[Result "1/2-1/2"]
[ECO "B56"]
[WhiteElo "1598"]
[BlackElo "1548"]
[Annotator "NA RC"]
[PlyCount "74"]
[EventDate "2024.06.23"]
[EventType "swiss"]
[EventCountry "GEO"]
[SourceTitle "playchess.com"]
[Source "ChessBase"]
[SourceQuality "1"]
[TimeControl "5400+30"]

1. e4 c5 2. Nf3 d6 3. d4 cxd4 4. Nxd4 Nf6 5. Nc3 e5 6. Bb5+ Nbd7 7. Nf5 a6 8. Be2 Nc5 9. Ng3 Be6 10. O-O Be7 11. b4 Ncd7 12. Nd5 b5 13. c4 Nb6 14. Nxe7 Qxe7 15. cxb5 d5 16. exd5 Nfxd5 17. Bd2 O-O 18. a3 Rfd8 19. Qe1 Nf4 20. Bxf4 exf4 21. Ne4 Nc4 22. Kh1 axb5 23. Qc1 f5 24. Nc5 Nd2 25. Re1 Rac8 26. Bxb5 Nb3 27. Qb1 Nxc5 28. bxc5 Rxc5 29. a4 Qf6 30. Qb4 Rdc8 31. Qxf4 Bd5 32. f3 Bb7 33. Rad1 h6 34. h3 Rc2 35. Bd3 R2c5 36. Bb5 Rc2 37. Bd3 R2c5 1/2-1/2

[Event "FIDE World Cup G12-A 2024"]
[Site "Batumi"]
[Date "2024.06.28"]
[Round "6.5"]
[White "Wu, Yiting"]
[Black "Mamakova, Aknur"]
[Result "1/2-1/2"]
[ECO "B99"]
[WhiteElo "1758"]
[BlackElo "1648"]
[Annotator "NA RC"]
[PlyCount "195"]
[EventDate "2024.06.23"]
[EventType "swiss"]
[EventCountry "GEO"]
[SourceTitle "playchess.com"]
[Source "ChessBase"]
[SourceQuality "1"]
[TimeControl "5400+30"]

1. e4 c5 2. Nf3 d6 3. d4 cxd4 4. Nxd4 Nf6 5. Nc3 a6 6. Bg5 e6 7. f4 Be7 8. Qf3 h6 9. Bh4 Qc7 10. O-O-O Nbd7 11. g4 g5 12. fxg5 Ne5 13. Qg3 Nfxg4 14. gxh6 Bxh4 15. Qxh4 Qe7 16. Qg3 Rxh6 17. h3 Nf6 18. Nf3 Rg6 19. Qf2 Nxf3 20. Qxf3 Bd7 21. Bd3 Bc6 22. Qf2 Nd7 23. Rhf1 Ne5 24. Qb6 Qd8 25. Qd4 Qg5+ 26. Kb1 O-O-O 27. Na4 Kb8 28. Nb6 Qh5 29. Nc4 Nxc4 30. Bxc4 Rgg8 31. a3 Kc7 32. Qe3 Rd7 33. Rd2 Qh4 34. Rdf2 Rg3 35. Qf4 Qxh3 36. Bd3 Rg4 37. Qd2 Rg7 38. Qa5+ Kb8 39. Qb6 Qg4 40. Rf4 Qg2 41. Ka2 d5 42. R4f2 Qg5 43. exd5 Qxd5+ 44. b3 Bb5 45. Bxb5 Qxb5 46. Qe3 Rc7 47. Rh1 Qe8 48. Rfh2 Rg8 49. Qe5 Qc6 50. Kb2 Ka7 51. Rd1 Rgc8 52. Kb1 Qc5 53. Qb2 Rg8 54. Ka2 Rg1 55. Rd3 Rg5 56. Rhd2 Rg8 57. Rd4 Qe5 58. Qc1 Rgc8 59. R4d3 Qg5 60. Kb2 Qe5+ 61. Ka2 Qc5 62. Qd1 Qf5 63. Qg1+ Ka8 64. Qd1 e5 65. Kb1 e4 66. Rd5 Qh3 67. Rh5 Qg3 68. Rf5 e3 69. Rf3 Qg5 70. Re2 Rc3 71. Qe1 Qg6 72. Rfxe3 Rxe3 73. Rxe3 Qxc2+ 74. Ka1 Qc1+ 75. Qxc1 Rxc1+ 76. Kb2 Rc6 77. Re8+ Ka7 78. Rf8 f6 79. b4 Kb6 80. Rf7 Rd6 81. Kc3 Kc6 82. a4 b5 83. axb5+ Kxb5 84. Kb3 Rc6 85. Rb7+ Rb6 86. Rc7 Re6 87. Rf7 Rd6 88. Rf8 Rd3+ 89. Kc2 Rf3 90. Rb8+ Kc4 91. Rb6 Rf2+ 92. Kd1 f5 93. Rxa6 Kxb4 94. Ke1 Rc2 95. Rf6 Rc5 96. Ke2 Kc4 97. Kf3 Kd4 98. Kf4 1/2-1/2

[Event "FIDE World Cup G12-A 2024"]
[Site "Batumi"]
[Date "2024.06.28"]
[Round "6.6"]
[White "Chichinadze, Anastasia"]
[Black "Sevastsyanchuk, Anastasiya"]
[Result "0-1"]
[ECO "B18"]
[WhiteElo "1724"]
[BlackElo "1531"]
[Annotator "NA RC"]
[PlyCount "82"]
[EventDate "2024.06.23"]
[EventType "swiss"]
[EventCountry "GEO"]
[SourceTitle "playchess.com"]
[Source "ChessBase"]
[SourceQuality "1"]
[TimeControl "5400+30"]

1. e4 c6 2. d4 d5 3. Nd2 dxe4 4. Nxe4 Bf5 5. Ng3 Bg6 6. Bc4 Nf6 7. N1e2 Nbd7 8. Nf4 e5 9. Nxg6 hxg6 10. O-O Bd6 11. Re1 Qc7 12. c3 O-O-O 13. d5 Nb6 14. Bb3 cxd5 15. Be3 Nc4 16. Bxc4 dxc4 17. Qa4 b6 18. b3 cxb3 19. axb3 Kb8 20. Re2 Rd7 21. c4 Bc5 22. Bxc5 Qxc5 23. Ne4 Qc7 24. Nc3 e4 25. g3 Re7 26. Nb5 Qd7 27. h4 g5 28. Qb4 a5 29. Qc3 gxh4 30. Qe3 Qe6 31. Nd4 Qc8 32. Qf4+ Ka8 33. Nf5 hxg3 34. fxg3 Qc5+ 35. Kg2 Qe5 36. Qf1 Ng4 37. Rae1 Rh2+ 38. Kg1 Qc5+ 39. Ne3 Qh5 40. Nxg4 Rh1+ 41. Kg2 Qh3+ 0-1

[Event "FIDE World Cup G12-A 2024"]
[Site "Batumi"]
[Date "2024.06.28"]
[Round "6.7"]
[White "Qiu, Laurie"]
[Black "Diaskyzy, Daliya"]
[Result "1-0"]
[ECO "B13"]
[WhiteElo "2068"]
[BlackElo "1793"]
[Annotator "NA RC"]
[PlyCount "99"]
[EventDate "2024.06.23"]
[EventType "swiss"]
[EventCountry "GEO"]
[SourceTitle "playchess.com"]
[Source "ChessBase"]
[SourceQuality "1"]
[TimeControl "5400+30"]

1. e4 c6 2. d4 d5 3. exd5 cxd5 4. Nf3 Nc6 5. c3 Bf5 6. Bd3 {[%emt 0:00:10] B13: Caro-Kann: Exchange Variation and Panov-Botvinnik Attack.} Bxd3 7. Qxd3 e6 8. Bf4 Nf6 9. Nbd2 {[%emt 0:00:19] 9.Nbd2 is better than 9.0-0.} Bd6 10. Bxd6 Qxd6 11. O-O O-O 12. Rfe1 h6 13. a4 $146 ({Predecessor:} 13. Ne5 Nd7 14. f4 f5 15. Ndf3 Ndxe5 16. Nxe5 Nxe5 17. Rxe5 Rf6 18. Rae1 Rc8 19. Qb5 {½-½ Robers,F-Zorn,N Rangliste 1400-1700 21737 2019}) 13... Qc7 14. h3 a6 15. b4 b6 16. Ne5 Rfc8 17. Nxc6 Qxc6 18. Rec1 Ne8 19. c4 dxc4 20. Rxc4 Qb7 21. Rxc8 Rxc8 22. b5 axb5 23. Qxb5 Nd6 24. Qb4 Nf5 25. Nf3 Qa6 26. Ne5 $15 (26. d5 $11 {feels stronger.}) 26... Rc2 27. Nd7 Qe2 28. Qe1 Qxe1+ 29. Rxe1 Nxd4 30. Nxb6 Rb2 31. Nd7 Ra2 32. Rb1 f6 33. Rb8+ Kf7 34. Ra8 Ne2+ 35. Kh1 Nf4 36. a5 Nd5 37. a6 Nc7 38. Ra7 Nb5 39. Rb7 Nd6 40. Rb6 Ne4 41. Nb8 Kg6 42. Nc6 Nd6 43. a7 Nc8 44. Rb7 Ra6 45. Rc7 Nb6 46. g3 h5 47. Kg2 Na8 48. Rc8 Kh6 49. Rxa8 Ra4 50. Rh8+ 1-0

[Event "FIDE World Cup G12-A 2024"]
[Site "Batumi"]
[Date "2024.06.28"]
[Round "6.8"]
[White "Lipartia, Nino"]
[Black "Kedelidze, Aneta"]
[Result "0-1"]
[ECO "B94"]
[WhiteElo "1437"]
[BlackElo "1544"]
[Annotator "NA RC"]
[PlyCount "126"]
[EventDate "2024.06.23"]
[EventType "swiss"]
[EventCountry "GEO"]
[SourceTitle "playchess.com"]
[Source "ChessBase"]
[SourceQuality "1"]
[TimeControl "5400+30"]

1. e4 c5 2. Nf3 d6 3. d4 cxd4 4. Nxd4 Nf6 5. Nc3 a6 6. Bg5 Nbd7 7. Qe2 h6 8. Bh4 g6 9. O-O-O e5 10. Nb3 Be7 11. f4 b5 12. Bxf6 Bxf6 13. Rxd6 Qc7 14. Rd1 Bb7 15. Kb1 b4 16. Nd5 Bxd5 17. exd5 O-O 18. f5 e4 19. Qxe4 Rae8 20. d6 Qb6 21. Qc4 Rc8 22. Qxa6 Qf2 23. Qd3 Ne5 24. Qd2 Qxf5 25. Bb5 Nc4 26. Bxc4 Rxc4 27. Rhe1 Rd8 28. Re2 Qd7 29. Qd5 Rc6 30. Red2 Rdc8 31. Qe4 Bg5 32. Rd5 Bf6 33. Nd4 Bxd4 34. R5xd4 Re8 35. Qd3 Rb6 36. Qb3 Rxd6 37. Rxd6 Qxd6 38. Rf1 Qe7 39. a3 bxa3 40. Qxa3 Qe2 41. Qf3 Qc4 42. Rd1 Qa4 43. Qb3 Qe4 44. Qd5 Qf4 45. Qd6 Qe4 46. Qd5 Qf4 47. g3 Qf6 48. Qd4 Qg5 49. Qa4 Qe5 50. Qf4 Qg7 51. Qd4 Qf8 52. c3 Qe7 53. Kc2 Qe2+ 54. Rd2 Qb5 55. Qd7 Qe5 56. Qd5 Qe7 57. Qd4 Qe6 58. Rf2 Qe7 59. Rd2 Qe6 60. Qd5 Qf6 61. Qb5 Qe6 62. Qd3 Qe7 63. c4 Qa7 0-1

[Event "FIDE World Cup G12-A 2024"]
[Site "Batumi"]
[Date "2024.06.28"]
[Round "6.9"]
[White "Gulishyan, Eseniya"]
[Black "Muradova, Nebahat"]
[Result "1-0"]
[ECO "C00"]
[WhiteElo "1434"]
[BlackElo "1626"]
[Annotator "NA RC"]
[PlyCount "87"]
[EventDate "2024.06.23"]
[EventType "swiss"]
[EventCountry "GEO"]
[SourceTitle "playchess.com"]
[Source "ChessBase"]
[SourceQuality "1"]
[TimeControl "5400+30"]

1. e4 c5 2. Nf3 Nc6 3. g3 e6 4. d3 d5 5. Nbd2 Nf6 6. Bg2 Be7 7. O-O O-O 8. e5 Nd7 9. Re1 a6 10. Nf1 b5 11. h4 c4 12. d4 b4 13. a3 bxa3 14. bxa3 Re8 15. Bf4 a5 16. N1h2 Nf8 17. Ng4 Ng6 18. Bg5 Bd7 19. Qd2 Bxg5 20. hxg5 Qe7 21. Kh2 Qf8 22. Rh1 Kh8 23. Kg1 Qg8 24. Rh3 Rab8 25. Kh2 Rb2 26. Rh1 Reb8 27. Kg1 Rb1+ 28. Bf1 Nf8 29. Qf4 R8b2 30. Nh6 gxh6 31. gxh6 Qg6 32. Nh4 Rxf1+ 33. Kxf1 Rb1+ 34. Kg2 Qe4+ 35. Qxe4 dxe4 36. Rxb1 Nxd4 37. Rb8 Kg8 38. c3 Nc2 39. Kf1 Nxa3 40. Ng2 f5 41. Rh5 Kf7 42. Rg5 Ng6 43. Rb7 Ke8 44. Rxg6 1-0

[Event "FIDE World Cup G12-A 2024"]
[Site "Batumi"]
[Date "2024.06.28"]
[Round "6.10"]
[White "Giorgadze, Mariam"]
[Black "Potikha, Shelley"]
[Result "1/2-1/2"]
[ECO "C06"]
[WhiteElo "1533"]
[BlackElo "1464"]
[Annotator "NA RC"]
[PlyCount "154"]
[EventDate "2024.06.23"]
[EventType "swiss"]
[EventCountry "GEO"]
[SourceTitle "playchess.com"]
[Source "ChessBase"]
[SourceQuality "1"]
[TimeControl "5400+30"]

1. e4 e6 2. d4 d5 3. Nd2 Nf6 4. e5 Nfd7 5. Bd3 c5 6. c3 Nc6 7. Ndf3 cxd4 8. cxd4 f6 9. exf6 Nxf6 10. Ne2 Qc7 11. O-O Bd6 12. Nc3 a6 13. Bg5 O-O 14. Bh4 Bd7 15. Bg3 Be8 16. Na4 Bh5 17. Be2 Ne4 18. Bxd6 Qxd6 19. Rc1 Rac8 20. a3 Na5 21. Rxc8 Rxc8 22. Ne5 Bxe2 23. Qxe2 b5 24. Nc5 Nxc5 25. dxc5 Qxc5 26. b4 Qc3 27. bxa5 Qxa3 28. Nd3 Re8 29. Qd2 e5 30. Re1 e4 31. Nf4 d4 32. Qxd4 Qxa5 33. Ra1 Qc7 34. g3 Qc8 35. Qd5+ Kh8 36. Qa2 Qc3 37. Qa3 Qd4 38. Ng2 Ra8 39. Ne3 b4 40. Qc1 h6 41. Rb1 a5 42. Qb2 Qxb2 43. Rxb2 g5 44. Nc4 Kg7 45. Kf1 Kf6 46. Ke2 Ke6 47. Ke3 Kf5 48. h3 h5 49. Rb3 g4 50. h4 Ra6 51. Rb2 Ra8 52. Rb3 Ra6 53. Kd4 Ra8 54. Nd6+ Ke6 55. Nxe4 Rc8 56. Nc5+ Kf5 57. Kc4 Rb8 58. Rb2 Rb6 59. Kb3 Rb5 60. Rc2 Rb8 61. Rd2 Rb5 62. Rd5+ Kg6 63. Rg5+ Kh6 64. Ka4 Rb8 65. Nb3 Rf8 66. Rxa5 Rxf2 67. Ra6+ Kg7 68. Ra7+ Kg6 69. Kxb4 Rf3 70. Ra6+ Kf7 71. Rh6 Rxg3 72. Rxh5 Rh3 73. Nd4 g3 74. Nf5 g2 75. Rg5 Kf6 76. Rxg2 Kxf5 77. Rg5+ Kf4 1/2-1/2

[Event "FIDE World Cup G12-A 2024"]
[Site "Batumi"]
[Date "2024.06.28"]
[Round "6.12"]
[White "Ali, Maha"]
[Black "Zavivaeva, Angelina"]
[Result "1/2-1/2"]
[ECO "B13"]
[WhiteElo "1601"]
[BlackElo "1489"]
[Annotator "NA RC"]
[PlyCount "127"]
[EventDate "2024.06.23"]
[EventType "swiss"]
[EventCountry "GEO"]
[SourceTitle "playchess.com"]
[Source "ChessBase"]
[SourceQuality "1"]
[TimeControl "5400+30"]

1. e4 c6 2. d4 d5 3. exd5 cxd5 4. Bd3 Nc6 5. c3 Nf6 6. Bf4 Bg4 7. Qb3 Qc8 8. Nd2 e6 9. Ngf3 Be7 10. O-O O-O 11. Qc2 Bh5 12. Ne5 Bg6 13. Nxg6 hxg6 14. Nf3 a6 15. Ne5 b5 16. a3 Qb7 17. Rae1 Rac8 18. Qd1 Nh5 19. Bd2 Nxe5 20. dxe5 Rfd8 21. g4 Nf6 22. exf6 Bxf6 23. f4 d4 24. g5 dxc3 25. gxf6 Rxd3 26. bxc3 Qb6+ 27. Rf2 Rcd8 28. Ree2 Rxc3 29. fxg7 Rcd3 30. Qc1 Qd6 31. Qb2 Qd4 32. Qxd4 R8xd4 33. Bb4 Kxg7 34. Rd2 Rxd2 35. Rxd2 Rxf4 36. Bc3+ Kh7 37. Rd8 g5 38. Rh8+ Kg6 39. Bd2 Rg4+ 40. Kf2 Kg7 41. Ra8 f6 42. Rxa6 Re4 43. Kf3 Re5 44. Bc3 Rc5 45. Bd4 Rf5+ 46. Ke4 Rf4+ 47. Kd3 Kf7 48. Be3 Ra4 49. Rxa4 bxa4 50. Kc4 Kg6 51. Kb4 f5 52. Kxa4 f4 53. Bf2 Kf5 54. h4 gxh4 55. Bxh4 Kg4 56. Be1 Kf3 57. Kb3 Ke2 58. Bh4 e5 59. a4 e4 60. a5 f3 61. a6 e3 62. a7 f2 63. Ka4 f1=Q 64. a8=Q 1/2-1/2

[Event "FIDE World Cup G12-A 2024"]
[Site "Batumi"]
[Date "2024.06.29"]
[Round "7.1"]
[White "Venskaya, Nika"]
[Black "Xue, Tianhao"]
[Result "0-1"]
[ECO "E62"]
[WhiteElo "1774"]
[BlackElo "1754"]
[Annotator "NA RC"]
[PlyCount "134"]
[EventDate "2024.06.23"]
[EventType "swiss"]
[EventCountry "GEO"]
[SourceTitle "playchess.com"]
[Source "ChessBase"]
[SourceQuality "1"]
[TimeControl "5400+30"]

1. d4 Nf6 2. Nf3 g6 3. g3 Bg7 4. Bg2 O-O 5. O-O d6 6. c4 Nc6 7. Nc3 e5 8. d5 Nb8 9. e4 a5 10. h3 Na6 11. Be3 Ne8 12. Qd2 Nc5 13. b3 f5 14. exf5 gxf5 15. Rac1 Qf6 16. Bxc5 dxc5 17. Qe2 Ra6 18. Nh2 Bh6 19. f4 Qg7 20. Rc2 e4 21. Qf2 Rg6 22. Ne2 b6 23. Rd1 Nd6 24. Nf1 Qh8 25. Kh2 Bg7 26. Rcd2 h5 27. h4 Ba6 28. Rc2 Bf6 29. Bh3 Qg7 30. Kh1 a4 31. Kh2 Ra8 32. Qe1 axb3 33. axb3 Bc8 34. Rb1 Bd4 35. Bg2 b5 36. Ng1 Ba6 37. Qe2 Rb8 38. Rbc1 bxc4 39. bxc4 Rb4 40. Nh3 Bb2 41. Rd1 Bxc4 42. Qxh5 Bb3 43. Rxc5 Bxd1 44. Qxd1 Bd4 45. Rc1 Bf6 46. Qe1 Rb2 47. Ng5 Bxg5 48. hxg5 Qh8+ 49. Kg1 Qd4+ 50. Qe3 Qxe3+ 51. Nxe3 Re2 52. Nc2 Rd2 53. Ne3 Re2 54. Nc2 Nb5 55. Bf1 Nc3 56. Nd4 Rd2 57. Nxf5 Nxd5 58. Bc4 Kf8 59. Bxd5 Rxd5 60. Ne3 Rd3 61. Kf2 Ra6 62. Nf1 Ra2+ 63. Ke1 e3 64. f5 e2 65. g4 exf1=Q+ 66. Kxf1 Rf3+ 67. Ke1 Rh3 0-1